 Dungeon Crawl Stone Soup version 0.28-a0-60-g54b5640690 (webtiles) character file.

Game seed: 1898928006002689751

584 Demosthentine the Poker (level 7, -4/55 HPs)
             Began as a Merfolk Gladiator on July 30, 2021.
             Slain by a wyvern skeleton (12 damage)
             ... on level 5 of the Dungeon.
             The game lasted 00:05:04 (4758 turns).

Demosthentine the Poker (Merfolk Gladiator)         Turns: 4758, Time: 00:05:05

Health: -4/55      AC:  5    Str: 16    XL:     7   Next: 37%
Magic:  7/7        EV: 15    Int:  7    God:
Gold:   213        SH:  0    Dex: 16    Spells: 6/6 levels left

rFire   . . .      SeeInvis .   a - +0 trident
rCold   . . .      Faith    .   (no shield)
rNeg    . . .      Spirit   .   b - +0 leather armour
rPois   .          Reflect  .   c - +1 helmet
rElec   .          Harm     .   (no cloak)
rCorr   .          Rampage  .   (no gloves)
Will    .....                   (no boots)
Stlth   +.........              f - amulet of magic regeneration
HPRegen 0.18/turn               (no ring)
MPRegen 0.35/turn               (no ring)

@: studying Invocations
A: (nimble swimmer 2), mertail
a: no special abilities


You were on level 5 of the Dungeon.
You visited 1 branch of the dungeon, and saw 5 of its levels.

You collected 213 gold pieces.

Inventory:

Hand Weapons
 a - a +0 trident (weapon)
Missiles
 d - a throwing net (quivered)
Armour
 b - a +0 leather armour (worn)
 c - a +1 helmet (worn)
 r - a +0 pair of boots
Jewellery
 f - an amulet of magic regeneration (around neck)
 o - a ring of flight
Wands
 j - a wand of iceblast (9)
Scrolls
 l - 2 scrolls of identify
 n - 4 scrolls of teleportation
 q - a scroll of enchant armour
Potions
 e - a potion of resistance
 g - a potion of curing {unknown}
 h - 2 potions of might
 i - a potion of attraction
 k - a potion of invisibility
 m - a potion of mutation {unknown}


   Skills:
 + Level 4.7 Fighting
 + Level 7.1 Polearms
 - Level 2.0 Throwing
 + Level 2.5 Armour
 + Level 6.4 Dodging


You had 6 spell levels left.
You didn't know any spells.
Your spell library contained the following spells:

 Spells                   Type           Power      Damage    Failure   Level
 Sting                    Tmut/Pois      0%         1d3       50%         1
 Ignite Poison            Fire/Tmut/Pois 0%         N/A       86%         3
 Inner Flame              Hex/Fire       0%         N/A       86%         3
 Mephitic Cloud           Conj/Pois/Air  0%         N/A       86%         3
 Ozocubu's Armour         Ice            0%         N/A       86%         3
 Cause Fear               Hex            0%         N/A       99%         4
 Lightning Bolt           Conj/Air       0%         1d11      100%        5
 Eringya's Noxious Bog    Tmut/Pois      0%         N/A       100%        6
 Ozocubu's Refrigeration  Ice            0%         4d5       100%        7
 Discord                  Hex            0%         N/A       100%        8


Dungeon Overview and Level Annotations

Branches:
Dungeon (5/15)
 Temple: D:4-7

Altars:
Cheibriados
Elyvilon
Kikubaaqudgha
Okawaru
Qazlal
Xom

Shops:
D:3 (


Innate Abilities, Weirdness & Mutations

((You are quick and stealthy near water. (Stealth+, EV+, Speed+++)))
Your lower body shifts to a powerful aquatic tail in water.


Message History

You are too injured to fight recklessly!
You are too injured to fight recklessly!
You are too injured to fight recklessly!
You are too injured to fight recklessly!
You are too injured to fight recklessly!
You are too injured to fight recklessly!
You are too injured to fight recklessly!
You are too injured to fight recklessly!
Unknown command.
Your leather armour prevents you from hitting the wyvern skeleton.
The wyvern skeleton is lightly damaged.
The wyvern skeleton bites you!
* * * LOW HITPOINT WARNING * * *
You barely miss the wyvern skeleton.
The wyvern skeleton is lightly damaged.
The wyvern skeleton completely misses you.
You puncture the wyvern skeleton!
The wyvern skeleton is moderately damaged.
The wyvern skeleton bites you.
* * * LOW HITPOINT WARNING * * *
Unknown command.
Throw: 2 throwing nets
Press: ? - help, Q - select action, (/) - cycle Shift-Dir - straight line, f - wyvern skeleton
Aim: a wyvern skeleton (moderately damaged, 87% to hit)
You throw a throwing net.
The throwing net hits the wyvern skeleton.
The wyvern skeleton is caught in the net!
The wyvern skeleton is moderately damaged.
The wyvern skeleton struggles against the net.
You hit the wyvern skeleton.
The wyvern skeleton is moderately damaged.
The wyvern skeleton struggles against the net.
You puncture the wyvern skeleton!
The wyvern skeleton is severely damaged.
The wyvern skeleton struggles against the net. x2
The net rips apart, and the wyvern skeleton comes free!
You hit the wyvern skeleton.
The wyvern skeleton is almost destroyed.
The wyvern skeleton bites you!
You die...

......... ..... ........ ##....
.......## #..... ...
...######..(.. # #)##
#............
+o#..####............ #
#..........[.(....... #
....###Z#######......... # ...
##. #@# ###.....###... # ..## #
#.###...##....#### # ###...##..
#.#...#####.#....# # #..._....#
##...### #.####.. ###....._..#
#...## #.#####.
#..........###...## #####.......
#.._..8....##..#.# ###...........
...........##.##.###....##.######
..#....._..##.##.##....###.#


You could see a wyvern skeleton.

Vanquished Creatures
  An ice beast (D:4)
  A phantom (D:5)
  A water moccasin zombie (D:5)
  A hound (D:4)
  A centaur zombie (D:5)
  An orc priest (D:5)
  A bullfrog skeleton (D:4)
  An orc wizard (D:5)
  A scorpion zombie (D:5)
  A hound skeleton (D:4)
  9 adders
  3 worms
  A dart slug (D:3)
  14 orcs
  9 endoplasms
  4 giant cockroaches
  3 goblins
  4 hobgoblins
  5 jackals (D:4)
  5 kobolds
  7 quokkas
  4 ball pythons
  6 bats
  5 frilled lizards
  3 rats
92 creatures vanquished.

Vanquished Creatures (others)
  2 fungi (D:1)
  A plant (D:1)
3 creatures vanquished.

Grand Total: 95 creatures vanquished

Notes
Turn   | Place    | Note
-------+----------+-------------------------------------------
     0 | D:1      | Demosthentine the Merfolk Gladiator began the quest for the
                  | Orb.
     0 | D:1      | Reached XP level 1. HP: 16/16 MP: 1/1
   271 | D:1      | Reached XP level 2. HP: 23/23 MP: 2/2
   489 | D:1      | Found a faded altar of an unknown god.
  1092 | D:1      | Reached XP level 3. HP: 28/28 MP: 3/3
  1417 | D:2      | Reached skill level 5 in Polearms
  1531 | D:2      | Reached skill level 1 in Armour
  2034 | D:3      | Reached XP level 4. HP: 34/34 MP: 4/4
  2264 | D:3      | Found a shimmering altar of Xom.
  2318 | D:3      | Found Neiwate's Antique Weapon Shoppe.
  2709 | D:4      | Reached skill level 5 in Dodging
  2778 | D:4      | Reached XP level 5. HP: 36/41 MP: 5/5
  3426 | D:4      | Reached skill level 6 in Polearms
  3444 | D:4      | Reached XP level 6. HP: 32/48 MP: 6/6
  3765 | D:4      | Noticed an ice beast
  3776 | D:4      | Killed an ice beast
  4156 | D:5      | Entered Level 5 of the Dungeon
  4156 | D:5      | Found a snail-covered altar of Cheibriados.
  4156 | D:5      | Found an ancient bone altar of Kikubaaqudgha.
  4156 | D:5      | Found a stormy altar of Qazlal.
  4156 | D:5      | Found an iron altar of Okawaru.
  4156 | D:5      | Found a white marble altar of Elyvilon.
  4223 | D:5      | Reached XP level 7. HP: 14/55 MP: 7/7
  4510 | D:5      | Got Sif Muna's Disquisition on Floating Transformation
  4590 | D:5      | Reached skill level 7 in Polearms
  4758 | D:5      | Slain by a wyvern skeleton

Illustrated notes

Levels and vault maps discovered:
D:1:      amcnicky_arrival_feature_with_door, layout_loops_corners,
          dreamdust_ecumenical_altar_grove, moated_statue
D:2:      layout_loops_ring
D:3:      layout_basic, mainiacjoe_overflow_concentric_impassable, serial_shops,
          nicolae_shop_trees
D:4:      layout_basic, st_stairs_4, grunt_decor_arrowhead,
          guppyfry_early_lair_pool
D:5:      layout_rooms, kennysheep_mini, grunt_temple_overflow_open,
          lexackson_kobold_supper

Skill      XL: |  1  2  3  4  5  6  7 |
---------------+----------------------+-----
Polearms       | 5 6 7 |  7.1
Armour         | 1 2 |  2.5
Fighting       | 3 4 |  4.7
Dodging        | 5 6 |  6.4
Throwing       | |  2.0

Action                   |  1- 3 |  4- 6 |  7- 9 || total
-------------------------+-------+-------+-------++-------
Melee: Trident           |   127 |   186 |    52 ||   365
Throw: Throwing net      |       |     1 |     1 ||     2
  Use: Scroll            |     6 |     6 |       ||    12
       Potion            |       |     2 |       ||     2
 Stab: Sleeping          |     2 |     1 |       ||     3
Armor: Leather armour    |    29 |    29 |    13 ||    71
Dodge: Dodged            |    61 |   112 |    31 ||   204

Table legend: (Time is in decaauts)
 A = Elapsed time spent in this place.
 B = Non-inter-level travel time spent in this place.
 C = Inter-level travel time spent in this place.
 D = Time resting spent in this place.
 E = Time spent auto-exploring this place.
 F = Levels seen in this place.
 G = Mean time per level.
                   A        B        C        D        E       F      G
               +--------+--------+--------+--------+--------+-----+--------+
         Total |   4767 |   4713 |     54 |     21 |   4015 |   5 |  953.4 |
       Dungeon |   4767 |   4713 |     54 |     21 |   4015 |   5 |  953.4 |
               +--------+--------+--------+--------+--------+-----+--------+

Top non-repeatable levels by time:
     D:4: 1482 daAuts
     D:1: 1163 daAuts
     D:2: 824 daAuts
     D:3: 691 daAuts
     D:5: 606 daAuts
